 Dungeon Crawl Stone Soup version 0.28.0 (webtiles) character file.

Game seed: 13837468829873903675

58 BALLS the Slasher (level 4, -1/23 HPs)
             Began as a Vine Stalker Fighter on Feb 4, 2022.
             Slain by a gnoll (11 damage)
             ... on level 1 of the Dungeon.
             The game lasted 00:04:12 (1628 turns).

BALLS the Slasher (Vine Stalker Fighter)            Turns: 1628, Time: 00:04:12

Health: -1/23      AC: 11    Str: 20    XL:     4   Next: 2%
Magic:  0/5        EV:  9    Int:  8    God:
Gold:   47         SH:  4    Dex: 14    Spells: 3/3 levels left

rFire   . . .      SeeInvis .   a - +0 long sword
rCold   . . .      Faith    .   c - +0 buckler
rNeg    . . .      Spirit   +   b - +0 scale mail
rPois   .          Reflect  .   (no helmet)
rElec   .          Harm     .   (no cloak)
rCorr   .          Rampage  .   (no gloves)
Will    .....                   k - +0 pair of boots
Stlth   ..........              (no amulet)
HPRegen 0.87/turn               g - +4 ring of protection
MPRegen 0.09/turn               (no ring)

@: no status effects
A: fangs 2, regeneration 1, magic shield, antimagic bite, no potion heal 2
a: no special abilities


You were on level 1 of the Dungeon.
You visited 1 branch of the dungeon, and saw 2 of its levels.

You collected 47 gold pieces.

Inventory:

Hand Weapons
 a - a +0 long sword (weapon)
Missiles
 e - 5 boomerangs of dispersal (quivered)
Armour
 b - a +0 scale mail (worn)
 c - a +0 buckler (worn)
 k - a +0 pair of boots (worn)
Jewellery
 g - a +4 ring of protection (left hand)
Scrolls
 f - 2 scrolls of identify {unknown}
 i - a scroll of enchant armour {unknown}
Potions
 d - a potion of might
 h - a potion of brilliance {unknown}
 j - a potion of cancellation {unknown}


   Skills:
 - Level 2.6 Fighting
 + Level 3.8 Long Blades
 - Level 2.4 Armour
 - Level 2.6 Shields


You had 3 spell levels left.
You didn't know any spells.
Your spell library contained the following spells:

 Spells                   Type           Power      Damage    Failure   Level
 Animate Skeleton         Necr           0%         N/A       86%         1
 Apportation              Tloc           0%         N/A       86%         1
 Pain                     Necr           0%         1d4       86%         1
 Summon Small Mammal      Summ           0%         N/A       86%         1
 Call Canine Familiar     Summ           0%         N/A       99%         3
 Portal Projectile        Hex/Tloc       0%         N/A       99%         3
 Vampiric Draining        Necr           0%         2d6       99%         3
 Leda's Liquefaction      Hex/Erth       0%         N/A       100%        4


Dungeon Overview and Level Annotations

Branches:
Dungeon (2/15)

Altars:


Innate Abilities, Weirdness & Mutations

You have extremely sharp teeth.
Your natural rate of healing is unusually fast.
When hurt, damage is shared between your health and your magic reserves.
Your bite disrupts and absorbs the magic of your enemies.
Potions cannot restore your health.


Message History

You feel sick.
Throw: 6 boomerangs (disperse)
Press: ? - help, Q - select action Shift-Dir - straight line, f - adder
Aim: an adder (almost dead, 38% to hit)
You throw a boomerang of dispersal.
The boomerang of dispersal hits the adder.
The adder blinks!
You kill the adder!
* * * LOW HITPOINT WARNING * * *
You feel sick.
You are no longer poisoned.
The gnoll barely misses you.
You have reached level 4!
You feel agile.
You begin to heal more quickly.
A gnoll comes into view. It is wielding a +0 spear.
You see here a +0 chain mail.
There is a stone staircase leading down here.
The gnoll barely misses you.
There is a stone staircase leading up here.
You can't go down here!
The gnoll hits you from afar with a +0 halberd.
You climb upwards.
There is a stone staircase leading down here.
You climb downwards.
The gnoll hits you with a +0 halberd!
There is a stone staircase leading up, spattered with blood here.
The gnoll hits you but does no damage.
You climb upwards.
There is a stone staircase leading down here.
You hit the gnoll.
The gnoll is moderately wounded.
The gnoll hits you with a +0 halberd. The gnoll completely misses you.
The gnoll hits you with a +0 halberd!
You hit the gnoll. Your bite misses the gnoll.
The gnoll is moderately wounded.
The gnoll hits you with a +0 whip. The gnoll closely misses you.
You hit the gnoll.
The gnoll is heavily wounded.
You block the gnoll's attack. The gnoll hits you with a +0 halberd!
You die...

#.#.##........##........####.#
............#.##.............#
...............#.............####
............##.#.#####...........
.#..####.......#.# #.......###.
..........####...#####.......# ##
..........# #.......#.......#
..........# #..g....#......##
.###############@g..........#
.....#.........##....#......#
.###.#.#######.##....#......# .#
#.#.# #.###.###......# .# #.#.#
#.# #.# ######## .# #.#.# #.###.#
.###.#.# #.#...# .....#.# #.#.#.#
.#####.# #.#.#.#


You could see 2 gnolls.

Vanquished Creatures
  3 adders (D:2)
  6 ball pythons
  5 endoplasms
  2 giant cockroaches (D:1)
  2 hobgoblins
  3 jackals (D:1)
  A quokka (D:2)
  2 bats
  A frilled lizard (D:2)
  2 kobolds
  4 rats
31 creatures vanquished.

Notes
Turn   | Place    | Note
-------+----------+-------------------------------------------
     0 | D:1      | BALLS the Vine Stalker Fighter began the quest for the Orb.
     0 | D:1      | Reached XP level 1. HP: 11/11 MP: 2/2
    38 | D:1      | Reached skill level 2 in Long Blades
   276 | D:1      | Reached XP level 2. HP: 15/16 MP: 3/3
  1163 | D:2      | Reached skill level 3 in Long Blades
  1163 | D:2      | Reached XP level 3. HP: 4/19 MP: 4/4
  1586 | D:2      | Gained mutation: Your natural rate of healing is unusually
                  | fast. [Vine Stalker growth]
  1586 | D:2      | Reached XP level 4. HP: 1/23 MP: 2/5
  1628 | D:1      | Slain by a gnoll

Illustrated notes

Levels and vault maps discovered:
D:1:      ncdulo_wetmaze, layout_basic
D:2:      layout_loops_ring, minmay_fractal_squares_5

Skill      XL: |  1  2 |
---------------+-------+-----
Long Blades    | 2 3 |  3.8
Fighting       | |  2.6
Armour         | |  2.4
Shields        | |  2.6

Action                   |  1- 3 |  4- 6 || total
-------------------------+-------+-------++-------
Melee: Long sword        |    95 |     3 ||    98
       Bite              |    13 |       ||    13
Throw: Boomerang         |     1 |       ||     1
Armor: Scale mail        |    53 |     1 ||    54
Dodge: Dodged            |    59 |     3 ||    62
Block: Buckler           |    16 |     1 ||    17
